 Dungeon Crawl Stone Soup version 0.23.2-1-ga50397a6bc (webtiles) character file.

Game seed: 7536326836157561217

117 Foic the Cutter (level 4, -1/35 HPs)
             Began as a Vampire Chaos Knight on May 13, 2019.
             Was a Plaything of Xom.
             Slain by a river rat (5 damage)
             ... on level 3 of the Dungeon.
             The game lasted 00:13:54 (2136 turns).

Foic the Cutter (Vampire Chaos Knight)              Turns: 2136, Time: 00:13:54

Health: -1/35      AC:  7    Str: 11    XL:     4   Next: 71%
Magic:  4/4        EV: 12    Int: 14    God:    Xom [*.....]
Gold:   106        SH:  0    Dex: 14    Spells: 3/3 levels left

rFire    . . .     SeeInvis +   a - +0 short sword (chaos)
rCold    . . .     Gourm    .   (no shield)
rNeg     . . .     Faith    .   l - +2 leather armour
rPois    .         Spirit   .   (no helmet)
rElec    .         Reflect  .   (no cloak)
rCorr    .         Harm     .   (no gloves)
MR       .....                  m - +1 pair of boots
Stlth    +.........             (no amulet)
HPRegen  0.31/turn              (no ring)
MPRegen  0.09/turn              (no ring)

@: regenerating quickly, very slow
A: fangs 3, see invisible, unbreathing
a: Renounce Religion


You were on level 3 of the Dungeon.
You worshipped Xom.
You were a special plaything of Xom.
You were full.

You visited 1 branch of the dungeon, and saw 3 of its levels.

You collected 106 gold pieces.

Inventory:

Hand Weapons
 a - a +0 short sword of chaos (weapon)
 b - a +0 hunting sling
 k - a +0 mace of protection
Missiles
 f - 76 stones (quivered)
 o - 43 sling bullets
Armour
 h - a +1 robe of fire resistance
 l - a +2 leather armour (worn)
 m - a +1 pair of boots (worn)
Jewellery
 i - an uncursed ring of flight
Scrolls
 g - 3 scrolls of identify
 n - a scroll of remove curse {unknown}
 p - a scroll of teleportation {unknown}
Potions
 c - 13 potions of blood
 d - a potion of curing
 e - a potion of ambrosia
 j - a potion of heal wounds


   Skills:
 + Level 3.2 Fighting
 * Level 4.7 Short Blades
 - Level 0.7 Armour
 * Level 2.9 Dodging
 * Level 2.9 Stealth


You had 3 spell levels left.
You didn't know any spells.
Your spell library was empty.

Dungeon Overview and Level Annotations

Branches:
Dungeon (3/15)

Altars:
Qazlal


Innate Abilities, Weirdness & Mutations

Your natural rate of healing is unusually fast.
You have razor-sharp teeth.
You have supernaturally acute eyesight. (SInv)
You can survive without breathing.


Message History

You kill the river rat!
The river rat bites you!
* * * LOW HITPOINT WARNING * * *
The river rat misses you. The river rat closely misses you.
The river rat bites you.
* * * LOW HITPOINT WARNING * * *
Your unstable footing causes you to fumble your attack.
The river rat closely misses you.
Your unstable footing causes you to fumble your attack.
The river rat closely misses you.
You barely miss the river rat. The river rat misses you.
Your unstable footing causes you to fumble your attack.
The river rat bites you!
* * * LOW HITPOINT WARNING * * *
You barely miss the river rat. The river rat barely misses you.
The river rat closely misses you.
The river rat bites you but does no damage.
The river rat bites you.
You die... "This toy is broken."

#.# #.###.# #.#
#.# #.#
#.###.###.#
#.........# #
#####.#####
####≈#≈# ..##.#
#≈≈≈≈≈≈# #.##.#
#≈#########.##÷#
#≈≈≈≈r@≈≈†.)...#
####≈#≈#≈≈#.####
≈≈≈≈≈.≈.#.#
....≈.....#.#
#............#
##.#..########
#....# ####.#


You could see a river rat.

Vanquished Creatures
  An adder (D:2)
  2 gnolls (D:2)
  A river rat (D:3)
  2 worms (D:3)
  2 dart slugs (D:1)
  2 leopard geckos (D:2)
  3 giant cockroaches
  7 goblins
  4 hobgoblins
  A jackal (D:3)
  9 kobolds
  A quokka (D:2)
  7 bats
  3 frilled lizards
  7 rats
52 creatures vanquished.

Vanquished Creatures (collateral kills)
  2 gnolls (D:2)
2 creatures vanquished.

Grand Total: 54 creatures vanquished

Notes
Turn   | Place    | Note
-------+----------+-------------------------------------------
     0 | D:1      | Foic the Vampire Chaos Knight began the quest for the Orb.
     0 | D:1      | Reached XP level 1. HP: 17/17 MP: 1/1
   170 | D:1      | Reached XP level 2. HP: 22/23 MP: 2/2
   283 | D:1      | XOM is BORED!
   283 | D:1      | XOM: harmless Tloc miscast
   408 | D:1      | XOM: noise
   411 | D:1      | Reached skill level 1 in Stealth
   564 | D:1      | XOM: cast spell 'Summon Butterflies'
   570 | D:1      | Reached skill level 4 in Short Blades
   672 | D:1      | Reached XP level 3. HP: 27/29 MP: 3/3
   971 | D:1      | XOM: harmless Summ miscast
  1035 | D:2      | XOM: harmless Necr miscast
  1233 | D:2      | XOM: butterfly on damage
  1234 | D:2      | Reached XP level 4. HP: 25/35 MP: 4/4
  1497 | D:2      | Found a stormy altar of Qazlal.
  1585 | D:2      | Found a faded altar of an unknown god.
  1887 | D:2      | XOM: mild Fire miscast
  1904 | D:2      | XOM is BORED!
  1904 | D:2      | XOM: torment (22/35 hp)
  2100 | D:3      | XOM: fake destruction
  2130 | D:3      | HP: 1/35 [river rat (9)]
  2136 | D:3      | Slain by a river rat

Skill      XL: |  1  2  3 |
---------------+----------+-----
Stealth        | 1 2 |  2.9
Fighting       | 3 |  3.2
Short Blades   | 4 |  4.7
Armour         | |  0.7
Dodging        | |  2.9

Action                   |  1- 3 |  4- 6 || total
-------------------------+-------+-------++-------
Melee: Short sword       |    98 |    61 ||   159
       Bite              |     9 |     7 ||    16
  Use: Potion            |     5 |     7 ||    12
       Scroll            |     4 |       ||     4
 Stab: Paralysed         |     4 |       ||     4
       Sleeping          |     2 |     5 ||     7
Armor: Leather armour    |    33 |    15 ||    48
Dodge: Dodged            |    52 |    38 ||    90
